 Dungeon Crawl Stone Soup version 0.26-a0-653-g6669bab64c (webtiles) character file.

Game seed: 13729010446769425407

238721 looop the Warrior (level 19, -6/141 HPs)
             Began as an Octopode Conjurer on Oct 3, 2020.
             Was an Initiate of Gozag.
             Killed from afar by a merfolk aquamancer (36 damage)
             ... with a shard of ice
             ... on level 4 of the Shoals on Oct 4, 2020.
             The game lasted 02:52:34 (58836 turns).

looop the Warrior (Octopode Conjurer)              Turns: 58836, Time: 02:52:34

Health: -6/141     AC: 10    Str:  7    XL:     19   Next: 27%
Magic:  0/35       EV: 21    Int: 28    God:    Gozag
Gold:   1356       SH: 12    Dex: 14    Spells: 7/42 levels left

rFire    + . .     SeeInvis +   b - staff of poison
rCold    + . .     Faith    .   w - +2 kite shield {AC+3}
rNeg     + . .     Spirit   +   K - +0 hat "Zisu" {Rampage +Inv MR-}
rPois    +         Reflect  .   Q - amulet "Uloliedgh" {Spirit rN+}
rElec    .         Harm     .   g - +6 ring of dexterity
rCorr    +         Rampage  +   j - +4 ring of protection
MR       .....     Clarity  +   t - ring of see invisible
Stlth    +++++.....             z - ring of protection from fire
HPRegen  0.33/turn              P - ring of resist corrosion
MPRegen  0.24/turn              (no ring)
                                (no ring)
                                (no ring)

@: swift
A: almost no armour, stealthy swim, amphibious, 8 rings, constrict 8, molten
scales 1, camouflage 1, clarity, clumsy 1, cold resistance 1, gelatinous body 1
}: 2/15 runes: serpentine, barnacled
a: Potion Petition, Call Merchant, Bribe Branch, Renounce Religion, Evoke
Invisibility


You were on level 4 of the Shoals.
You worshipped Gozag.
Gozag was most pleased with you.
You visited 6 branches of the dungeon, and saw 32 of its levels.
You also visited: Trove and Gauntlet.

You collected 11527 gold pieces.
You spent 1220 gold pieces at shops.
You paid 8951 gold pieces to Gozag.

Inventory:

Hand Weapons
 m - the +0 double sword of Owut {drain, +Inv rC+++ MP+9 Dex-3}
   (You found it in a treasure trove)

   A truly terrible weapon, it drains the life of those it strikes.
   It affects your dexterity (-3).
   It renders you almost immune to cold.
   It affects your magic capacity (+9).
   It lets you turn invisible.
 n - the +4 eveningstar of Kebim {speed, rPois MR+}
   (You found it in a treasure trove)

   Attacks with this weapon are significantly faster.
   It protects you from poison.
   It affects your resistance to hostile enchantments.
Missiles
 s - 11 curare-tipped darts (quivered)
 L - 6 throwing nets
 O - 63 silver javelins
Armour
 w - a +2 kite shield of protection (worn)
 K - the +0 hat "Zisu" (worn) {Rampage +Inv MR-}
   (You found it in a Gauntlet)

   It affects your resistance to hostile enchantments.
   It lets you turn invisible.
   It bestows one free step when moving towards enemies.
Magical Staves
 a - an uncursed staff of conjuration
 b - an uncursed staff of poison (weapon)
 G - an uncursed staff of air
Jewellery
 g - a +6 ring of dexterity (left tentacle)
 j - a +4 ring of protection (right tentacle)
 t - a ring of see invisible (on tentacle)
 z - a ring of protection from fire (on tentacle)
 C - an uncursed ring of ice
 P - a ring of resist corrosion (on tentacle)
 Q - the amulet "Uloliedgh" (around mantle) {Spirit rN+}
   (You bought it in a shop on level 4 of the Lair of Beasts)

   [amulet of guardian spirit]

   It causes incoming damage to be split between your health and magic.
   It protects you from negative energy.
Wands
 e - a wand of flame (22)
 i - a wand of iceblast (9)
 u - a wand of paralysis (36)
 B - a wand of acid (5)
 X - a wand of digging (3)
Scrolls
 f - 18 scrolls of remove curse
 l - 3 scrolls of summoning
 o - 3 scrolls of torment
 q - a scroll of vulnerability
 y - 4 scrolls of magic mapping
 D - 8 scrolls of blinking
 I - 8 scrolls of teleportation
 N - 5 scrolls of amnesia
 R - 5 scrolls of immolation
 S - a scroll of holy word
 T - 3 scrolls of enchant armour
 V - 6 scrolls of identify
 W - 3 scrolls of silence
 Z - 5 scrolls of fear
Potions
 c - 5 potions of lignification
 d - 5 potions of curing
 h - 6 potions of might
 p - 4 potions of magic
 r - 2 potions of mutation
 v - 6 potions of brilliance
 x - 3 potions of ambrosia
 E - 7 potions of flight
 F - 3 potions of stabbing
 J - 2 potions of berserk rage
 M - 6 potions of heal wounds
 U - 2 potions of resistance
 Y - 2 potions of haste
Miscellaneous
 k - a phial of floods
 A - a condenser vane (2/2)
 H - a lightning rod (4/4)


   Skills:
 + Level 15.8 Fighting
 - Level 14.2 Dodging
 - Level 4.0 Stealth
 + Level 8.9 Shields
 - Level 12.0 Spellcasting
 - Level 14.0 Conjurations
 - Level 12.1 Hexes
 - Level 5.0 Translocations
 - Level 6.0 Transmutations
 - Level 4.0 Air Magic
 - Level 8.0 Poison Magic
 - Level 8.0 Evocations


You had 7 spell levels left.
You knew the following spells:

 Your Spells              Type           Power        Failure   Level
a - Magic Dart            Conj           ####         1%          1
b - Searing Ray           Conj           ######       1%          2
c - Iskenderun's Mystic   Conj/Tloc      ######..     1%          4
d - Fulminant Prism       Conj/Hex       ######....   1%          4
e - Blink                 Tloc           N/A          1%          2
f - Slow                  Hex            ######..     1%          2
g - Mephitic Cloud        Conj/Pois/Air  #######.     1%          3
h - Olgreb's Toxic Radia  Pois           #######.     2%          4
i - Ignite Poison         Fire/Tmut/Pois ######..     3%          3
j - Swiftness             Air            #####...     1%          2
k - Conjure Flame         Conj/Fire      ######..     1%          3
l - Lightning Bolt        Conj/Air       ######....   4%          5

Your spell library contained the following spells:

 Spells                   Type           Power        Failure   Level
 Apportation              Tloc           #####.       1%          1
 Corona                   Hex            ######.      1%          1
 Foxfire                  Conj/Fire      ####         1%          1
 Shock                    Conj/Air       ####         1%          1
 Sting                    Tmut/Pois      ####         1%          1
 Ensorcelled Hibernation  Hex/Ice        ######       1%          2
 Poisonous Vapours        Pois/Air       ######       1%          2
 Confusing Touch          Hex            ######..     1%          3
 Dazzling Flash           Conj/Hex       ######       1%          3
 Inner Flame              Hex/Fire       ######..     1%          3
 Static Discharge         Conj/Air       ######..     1%          3
 Stone Arrow              Conj/Erth      ######       1%          3
 Summon Guardian Golem    Hex/Summ       ######..     1%          3
 Gell's Gravitas          Tloc           #####.....   2%          3
 Passwall                 Tmut/Erth      ####....     3%          2
 Corpse Rot               Necr/Air       N/A          4%          2
 Sticky Flame             Conj/Fire      ######..     4%          4
 Yara's Violent Unravell  Hex/Tmut       ######....   4%          5
 Leda's Liquefaction      Hex/Erth       ######....   6%          4
 Animate Skeleton         Necr           ###...       7%          1
 Sandblast                Erth           ###...       7%          1
 Summon Small Mammal      Summ           ###.         7%          1
 Silence                  Hex/Air        ######....   8%          5
 Call Imp                 Summ           ###.....     11%         2
 Sublimation of Blood     Necr           ###.......   11%         2
 Fireball                 Conj/Fire      ######....   11%         5
 Airstrike                Air            #####.....   14%         4
 Metabolic Englaciation   Hex/Ice        ######....   17%         5
 Ice Form                 Ice/Tmut       ####....     21%         4
 Petrify                  Tmut/Erth      ####....     21%         4
 Call Canine Familiar     Summ           ###.....     22%         3
 Summon Lightning Spire   Summ/Air       ####....     30%         4
 Dispel Undead            Necr           ###.....     56%         4
 Summon Ice Beast         Ice/Summ       ###.....     56%         4
 Freezing Cloud           Conj/Ice/Air   ######....   67%         6
 Agony                    Necr           ###.....     89%         5
 Borgnjor's Vile Clutch   Necr/Erth      ###.......   89%         5
 Excruciating Wounds      Necr           ###.......   89%         5
 Lee's Rapid Deconstruct  Erth           ###.......   89%         5
 Ozocubu's Refrigeration  Ice            ###.......   100%        6
 Shadow Creatures         Summ           N/A          100%        6
 Simulacrum               Ice/Necr       ###.......   100%        6
 Malign Gateway           Summ/Tloc      ####......   100%        7


Dungeon Overview and Level Annotations

Branches:
Dungeon (15/15)            Temple (1/1) D:6            Lair (6/6) D:8
 Shoals (4/4) Lair:4        Snake (4/4) Lair:3        Slime (0/5) Lair:6
    Orc (2/2) D:11            Elf (0/3) Orc:2        Vaults (0/5) D:13
Gauntlet (visited)
 Depths: D:15

Altars:
Ashenzari
Cheibriados
Dithmenos
Elyvilon
Fedhas
Gozag
Hepliaklqana
Kikubaaqudgha
Makhleb
Nemelex Xobeh
Okawaru
Qazlal
Ru
Sif Muna
Trog
Uskayaw
Vehumet
Wu Jian
Xom
Yredelemnul
Zin
The Shining One
Jiyva

Shops:
D:4 ?   D:8 ?[}*   D:11 *   D:12 ?   Orc:2 (*??}   Lair:4 *   Shoals:2 }

Annotations:
Lair:6 1 runed translucent door
Shoals:3 Mara


Innate Abilities, Weirdness & Mutations

You cannot wear most types of armour.
You are very stealthy in the water. (Stealth+)
You are amphibious.
You can wear up to eight rings at the same time.
You can use your tentacles to constrict eight enemies at once.
Your skin changes colour to match your surroundings (Stealth+).
Your rubbery body absorbs attacks. (AC +1, EV +1)
You are partially covered in molten scales. (AC +2)
You possess an exceptional clarity of mind.
You are clumsy. (Dex -2)
Your flesh is cold resistant. (rC+)


Message History

You are knocked back by the torrent of water.
The wave splashes down.
You hear an angry hiss.
The merfolk aquamancer points at you and mumbles some strange words.
The shard of ice hits you!! You partially resist.
* * * LOW HITPOINT WARNING * * *
Casting: Slow (safe; 1% risk of failure)
Confirm with . or Enter, or press ? or * to list all spells.
You feel quick.
The merfolk aquamancer points at you and mumbles some strange words.
The ball of steam misses you.
You block the alligator snapping turtle's attack.
The alligator snapping turtle looks more healthy.
The merfolk aquamancer is engulfed in a cloud of scalding steam.
The merfolk aquamancer casts a spell.
The merfolk aquamancer blinks!
The merfolk aquamancer points at you and mumbles some strange words.
The shard of ice hits you!!! You partially resist.
You die...
Your body crumbles into a pile of gold.

#################################
≈≈≈≈≈≈≈≈≈≈≈≈≈≈≈≈≈≈≈≈≈≈≈≈≈≈≈≈≈≈≈≈≈
≈≈≈≈≈≈≈≈≈≈≈≈≈≈≈≈≈≈≈≈≈≈≈≈≈≈≈≈≈≈≈≈≈
≈≈≈≈≈≈≈≈≈≈≈≈≈≈≈≈≈≈≈≈≈≈≈≈≈≈≈≈≈≈≈≈≈
≈≈≈≈≈≈≈≈≈≈≈≈≈≈≈≈≈≈≈≈≈≈≈≈≈≈≈≈≈≈≈≈≈
≈≈≈≈)≈≈≈≈≈≈≈≈≈≈≈≈≈≈≈≈≈≈≈≈≈≈≈≈≈≈≈≈
≈≈≈≈≈(≈≈≈≈≈≈≈≈≈≈≈≈≈≈≈≈≈≈≈≈≈≈≈≈≈≈≈
..<.[[≈[(≈≈≈≈≈≈≈@≈≈t≈≈≈≈≈≈≈≈≈≈≈≈≈
#....())≈≈≈#####≈#≈≈≈≈≈≈≈≈≈≈≈≈≈≈≈
#.)...≈≈≈≈≈#######≈≈≈≈≈≈≈≈≈≈≈≈.≈≈
#....[.≈≈##≈≈≈##≈≈##≈m≈≈≈P≈P≈≈..≈
#.........#.≈≈≈≈≈≈##≈≈≈≈≈≈≈≈≈...≈
#P.......##≈≈#≈#.###≈P≈≈P≈≈≈.....
PP.......###≈...≈# #≈P≈P≈P.......
.P........##.#.#≈##≈≈P≈P.....P...
≈≈.......##...≈≈≈≈#≈.P...........


You could see an alligator snapping turtle and a merfolk aquamancer.

Vanquished Creatures
  Saint Roka (Orc:1)
  Nikola (Shoals:3)
  2 krakens
  5 nagarajas
  Ilsuiw (Shoals:4)
  An orc warlord (Orc:1)
  Nessos (Lair:5)
  A minotaur (Gauntlet)
  4 merfolk javelineers
  Josephine (D:10)
  Snorg (D:10)
  12 merfolk impalers
  Fannar (Lair:2)
  A great orb of eyes (Gauntlet)
  14 naga warriors
  2 vault guards
  An alligator snapping turtle (Shoals:3)
  2 merfolk aquamancers
  A death knight (D:14)
  9 hydras
  6 merfolk avatars
  3 catoblepae (Lair:6)
  2 centaur warriors
  8 anacondas
  An ogre mage (Orc:1)
  7 two-headed ogres
  9 death yaks (Lair:6)
  Urug (Orc:1)
  3 orc high priests (Orc:2)
  2 tengu warriors (D:13)
  A shock serpent (Snake:1)
  16 naga sharpshooters
  Nergalle (Lair:2)
  Sonja (Orc:2)
  A fire crab (Gauntlet)
  A skeletal warrior (D:14)
  7 sea snakes
  2 unseen horrors
  9 naga ritualists
  A phantasmal warrior (D:14)
  11 harpies
  Pikel (D:6)
  A kraken simulacrum (Shoals:4)
  5 orc knights
  3 mana vipers
  2 deep elf magi (D:14)
  A lindwurm (Lair:4)
  3 cyclopes
  9 ugly things
  4 orc sorcerers
  A faun (Shoals:3)
  9 manticores
  5 salamanders
  25 black mambas
  10 elephants
  7 merfolk sirens
  6 guardian serpents
  A rust devil (Gauntlet)
  21 naga magi
  2 water nymphs (Shoals:4)
  Psyche (D:9)
  A cane toad (shapeshifter) (D:13)
  Maggie (D:6)
  17 cane toads
  A gargoyle (D:12)
  2 rime drakes
  8 komodo dragons
  3 yaktaurs (D:14)
  5 trolls
  2 wind drakes
  28 merfolk
  A hornet (D:12)
  6 blink frogs
  4 slime creatures (D:13)
  7 hippogriffs
  10 snapping turtles
  6 water elementals
  A ynoxinul (Gauntlet)
  A shadow (D:14)
  7 wraiths
  50 yaks
  2 vampires
  6 basilisks
  3 wyverns
  2 fire bats (Gauntlet)
  A steam dragon (D:9)
  4 vampire mosquitoes
  The ghost of handsome the Insei, an amateur OpMo of Kikubaaqudgha (D:3)
  Edmund (D:4)
  2 wargs
  44 nagas
  16 water moccasins
  Duvessa (D:6)
  3 porcupines
  32 orc warriors
  2 sky beasts
  2 hornet zombies
  3 black bears
  5 ice beasts
  An eye of draining (D:11)
  4 necrophages (D:6)
  5 phantoms
  A wolf (Lair:1)
  11 ogres
  11 crocodiles
  23 centaurs
  A big kobold (D:11)
  18 bullfrogs
  2 wyvern zombies (D:13)
  8 scorpions
  Dowan (D:6)
  A water moccasin skeleton (D:4)
  A howler monkey (D:4)
  7 wights
  3 electric eels (D:8)
  2 centaur zombies (D:12)
  12 hounds
  A bullfrog zombie (D:6)
  3 jellies
  2 quasits
  18 orc priests
  5 bullfrog skeletons
  3 iguanas
  2 iron imps (Gauntlet)
  24 orc wizards
  7 worker ants
  2 hell rats (Lair:5)
  2 hound zombies (D:6)
  3 hound skeletons
  A worker ant zombie (D:7)
  9 adders
  6 gnolls (D:3)
  6 river rats (Lair:5)
  2 shadow imps
  3 white imps
  3 ufetubi
  An adder zombie (D:6)
  An adder skeleton (D:4)
  3 worms
  2 dart slugs
  5 leopard geckos
  80 orcs
  3 ball pythons
  8 giant cockroaches
  2 goblins
  2 hobgoblins
  8 jackals
  3 quokkas
  8 bats
  6 frilled lizards
  13 kobolds
  A leopard gecko zombie (D:6)
  9 rats
  4 fulminant prisms
  5 tentacles
941 creatures vanquished.

Vanquished Creatures (others)
  An orc (Orc:2)
  2 bushes (D:6)
  375 fulminant prisms
  41 fungi
  99 plants
  10 tentacles
528 creatures vanquished.

Grand Total: 1469 creatures vanquished

Notes
Turn   | Place    | Note
-------+----------+-------------------------------------------
     0 | D:1      | looop the Octopode Conjurer began the quest for the Orb.
     0 | D:1      | Reached XP level 1. HP: 11/11 MP: 3/3
   208 | D:1      | Reached XP level 2. HP: 17/17 MP: 0/5
   212 | D:1      | Learned a level 2 spell: Searing Ray
  1074 | D:2      | Reached XP level 3. HP: 18/21 MP: 2/6
  2162 | D:3      | Found a transporter.
  2183 | D:3      | Reached XP level 4. HP: 17/27 MP: 1/7
  2289 | D:3      | Learned a level 4 spell: Iskenderun's Mystic Blast
  2308 | D:3      | Reached skill level 1 in Fighting
  2348 | D:3      | Reached skill level 5 in Conjurations
  2433 | D:3      | Found a burning altar of Makhleb.
  2756 | D:3      | Noticed handsome's ghost (amateur OpMo)
  2831 | D:3      | Found a transporter.
  2851 | D:3      | Reached XP level 5. HP: 22/33 MP: 6/9
  3550 | D:3      | Killed handsome's ghost
  3550 | D:3      | Reached skill level 2 in Fighting
  3550 | D:3      | Reached XP level 6. HP: 25/39 MP: 2/10
  3955 | D:4      | Reached XP level 7. HP: 44/45 MP: 5/12
  4031 | D:4      | Learned a level 4 spell: Fulminant Prism
  4034 | D:4      | Found Iwoe's Magic Scroll Boutique.
  4039 | D:4      | Bought a scroll of teleportation for 30 gold pieces
  4039 | D:4      | Bought a scroll of summoning for 95 gold pieces
  4039 | D:4      | Bought a scroll of identify for 20 gold pieces
  4039 | D:4      | Bought a scroll of identify for 20 gold pieces
  4073 | D:4      | Learned a level 2 spell: Blink
  4141 | D:4      | Noticed Edmund
  4187 | D:4      | Killed Edmund
  4187 | D:4      | Reached skill level 1 in Hexes
  4608 | D:4      | Reached skill level 3 in Fighting
  4669 | D:5      | Entered Level 5 of the Dungeon
  4960 | D:5      | Reached XP level 8. HP: 52/52 MP: 8/13
  5207 | D:5      | Learned a level 2 spell: Slow
  5664 | D:5      | Found a glowing silver altar of Zin.
  5767 | D:6      | Found a shimmering altar of Xom.
  5771 | D:6      | Reached skill level 1 in Shields
  5771 | D:6      | Reached skill level 5 in Hexes
  5841 | D:6      | Noticed Pikel
  5848 | D:6      | Killed Pikel
  5848 | D:6      | Reached XP level 9. HP: 57/57 MP: 4/15
  5853 | D:6      | Noticed Maggie
  5864 | D:6      | Killed Maggie
  5864 | D:6      | Reached skill level 5 in Spellcasting
  5874 | D:6      | Reached skill level 4 in Fighting
  6120 | D:6      | Noticed Dowan
  6122 | D:6      | Noticed Duvessa
  6126 | D:6      | Killed Dowan
  6126 | D:6      | Reached skill level 5 in Fighting
  6136 | D:6      | Killed Duvessa
  6136 | D:6      | Reached skill level 6 in Fighting
  6450 | D:6      | Identified a scroll of acquirement
  6451 | D:6      | Acquired an uncursed staff of conjuration
  6699 | D:6      | Found a blossoming altar of Fedhas.
  6752 | D:6      | Found an ornate altar of the Wu Jian Council.
  6861 | D:6      | Found a staircase to the Ecumenical Temple.
  6975 | D:6      | Reached skill level 5 in Dodging
  7129 | Temple   | Entered the Ecumenical Temple
  7137 | Temple   | Became a worshipper of Gozag Ym Sagoz the Greedy
  7311 | D:7      | Learned a level 3 spell: Mephitic Cloud
  7340 | D:7      | Reached XP level 10. HP: 68/69 MP: 9/17
  7405 | D:7      | Reached skill level 1 in Poison Magic
  7610 | D:7      | Reached skill level 1 in Translocations
  8153 | D:7      | Found a glowing golden altar of the Shining One.
  8242 | D:8      | Reached skill level 7 in Fighting
  8312 | D:8      | Noticed a two-headed ogre
  8493 | D:8      | Found a basalt altar of Yredelemnul.
  8645 | D:8      | Killed a two-headed ogre
  8911 | D:8      | Noticed a +0 hand axe
  8911 | D:8      | Noticed a +0 dagger
  8912 | D:8      | Found a hide-covered altar of Uskayaw.
  9211 | D:8      | Found Heiczudo's General Store.
  9277 | D:8      | Found a staircase to the Lair.
  9404 | D:8      | Reached skill level 8 in Fighting
  9548 | D:8      | Found a stormy altar of Qazlal.
  9759 | D:9      | Reached XP level 11. HP: 78/78 MP: 15/18
  9953 | D:9      | Noticed a two-headed ogre
  9963 | D:9      | Killed a two-headed ogre
  9963 | D:9      | Reached skill level 9 in Fighting
 10181 | D:9      | Noticed Psyche
 10289 | D:9      | Killed Psyche
 11028 | D:9      | Noticed a two-headed ogre
 11498 | D:9      | Killed a two-headed ogre
 11650 | D:9      | Reached skill level 10 in Fighting
 12097 | D:10     | Entered Level 10 of the Dungeon
 12173 | D:10     | Noticed a vault guard
 12197 | D:10     | Killed a vault guard
 12206 | D:10     | Noticed a centaur warrior
 12397 | Lair:1   | Entered Level 1 of the Lair of Beasts
 12406 | Lair:1   | Reached skill level 10 in Conjurations
 13085 | Lair:1   | Reached XP level 12. HP: 87/87 MP: 4/21
 13458 | Lair:1   | Noticed a five-headed hydra
 13472 | Lair:1   | Killed a five-headed hydra
 14024 | Lair:2   | Found a gate leading to a gauntlet.
 14049 | Gauntlet | Entered a Gauntlet
 14049 | Gauntlet | Found a runed translucent door.
 14049 | Gauntlet | Found a transporter.
 14049 | Gauntlet | Found a runed translucent door.
 14049 | Gauntlet | Found a transporter.
 14058 | Gauntlet | Noticed a soul eater
 14083 | Gauntlet | Found a transporter.
 14087 | Gauntlet | Found a transporter.
 14093 | Gauntlet | Found a runed translucent gate.
 14095 | Gauntlet | Found a transporter.
 14096 | Gauntlet | Found a runed translucent gate.
 14096 | Gauntlet | Found a runed translucent gate.
 14099 | Gauntlet | Found a transporter.
 14103 | Gauntlet | Noticed a great orb of eyes
 14107 | Gauntlet | Found a transporter.
 14127 | Gauntlet | Found a transporter.
 14145 | Gauntlet | Found a transporter.
 14149 | Gauntlet | Found a transporter.
 14157 | Gauntlet | Found a transporter.
 14161 | Gauntlet | Found a transporter.
 14577 | Gauntlet | Paralysed by a great orb of eyes for 2 turns
 14591 | Gauntlet | Killed a great orb of eyes
 14591 | Gauntlet | Reached skill level 10 in Dodging
 14607 | Gauntlet | Got a distressingly furry hat
 14614 | Gauntlet | Identified the +0 hat "Zisu" {Rampage +Inv MR-} (You found
                  | it in a Gauntlet)
 14847 | Gauntlet | Noticed a minotaur
 14861 | Gauntlet | Killed a minotaur
 14926 | Gauntlet | Identified Reohey's Papyrus of the Mountains and the
                  | Traveller
 15101 | Lair:2   | Noticed Fannar
 15554 | Lair:2   | Learned a level 4 spell: Olgreb's Toxic Radiance
 15686 | Lair:2   | Noticed Nergalle
 15692 | Lair:2   | Killed Nergalle
 15772 | Lair:2   | Reached skill level 5 in Poison Magic
 16781 | Lair:2   | Killed Fannar
 16781 | Lair:2   | Reached XP level 13. HP: 92/92 MP: 1/25
 16973 | D:8      | Bought a scroll of fog for 32 gold pieces
 16973 | D:8      | Bought a scroll of teleportation for 48 gold pieces
 16973 | D:8      | Bought a scroll of teleportation for 48 gold pieces
 16973 | D:8      | Bought a scroll of teleportation for 48 gold pieces
 16973 | D:8      | Bought a scroll of teleportation for 48 gold pieces
 18919 | Lair:3   | Found a shimmering altar of Xom.
 19222 | Lair:3   | Found a staircase to the Snake Pit.
 19463 | Lair:4   | Learned a level 3 spell: Ignite Poison
 19520 | Lair:4   | Reached skill level 1 in Transmutations
 19746 | Lair:4   | Found a staircase to the Shoals.
 20523 | Lair:5   | Noticed Nessos
 20867 | Lair:4   | Acquired 759 gold pieces
 20870 | Lair:4   | Bought a serpentine bronze amulet for 165 gold pieces
 20880 | Lair:4   | Identified the amulet "Uloliedgh" {Spirit rN+} (You bought
                  | it in a shop on level 4 of the Lair of Beasts)
 21176 | Lair:5   | Reached skill level 11 in Fighting
 21199 | Lair:5   | Killed Nessos
 22097 | Lair:6   | Entered Level 6 of the Lair of Beasts
 22808 | D:10     | Noticed Snorg
 23065 | D:10     | Killed Snorg
 23459 | D:10     | Found a portal to a secret trove of treasure.
 23495 | D:11     | Found a staircase to the Orcish Mines.
 23495 | D:11     | Noticed Josephine
 23503 | D:11     | Reached XP level 14. HP: 97/101 MP: 2/27
 23515 | D:10     | Killed Josephine
 23710 | D:11     | Reached skill level 5 in Transmutations
 24580 | D:11     | Found a shadowy altar of Dithmenos.
 24746 | D:12     | Got a shimmering buckler
 24760 | D:12     | Identified the +1 buckler of Niqupp {Rampage Str+4 Dex+3}
                  | (You found it on level 12 of the Dungeon)
 24853 | D:12     | Bought a scroll of identify for 28 gold pieces
 24854 | D:12     | Bought a scroll of identify for 28 gold pieces
 25571 | Orc:1    | Entered Level 1 of the Orcish Mines
 25690 | Orc:1    | Noticed an orc warlord
 25702 | Orc:1    | Killed an orc warlord
 26363 | Orc:2    | Entered Level 2 of the Orcish Mines
 26395 | Orc:2    | Noticed Saint Roka
 26399 | Orc:2    | Reached skill level 10 in Spellcasting
 26598 | Orc:2    | Noticed Urug
 26606 | Orc:1    | Killed Urug
 26752 | Orc:2    | Noticed Sonja
 27070 | Lair:6   | Reached skill level 10 in Hexes
 27074 | Lair:6   | Reached skill level 12 in Fighting
 28120 | Lair:6   | Found a runed translucent door.
 28195 | Lair:6   | Found a viscous altar of Jiyva.
 28197 | Lair:6   | Found a staircase to the Slime Pits.
 28535 | Lair:6   | Reached XP level 15. HP: 109/109 MP: 1/29
 28819 | Lair:6   | Reached skill level 13 in Fighting
 29858 | D:11     | Bought a scroll of fear for 66 gold pieces
 30563 | Shoals:1 | Entered Level 1 of the Shoals
 32214 | Orc:1    | Killed Saint Roka
 32737 | Orc:2    | Killed Sonja
 32926 | Orc:2    | Found a staircase to the Elven Halls.
 33718 | Orc:2    | Reached skill level 14 in Fighting
 33822 | Orc:2    | Found Wejak's Antique Weapon Boutique.
 33822 | Orc:2    | Found Aplamyof's Gadget Emporium.
 33826 | Orc:2    | Found Akkaixt's Assorted Antiques.
 33826 | Orc:2    | Found Keorr's Magic Scroll Emporium.
 33866 | Orc:2    | Bought a scroll of enchant armour for 97 gold pieces
 33873 | Orc:2    | Bought 2 viscous silvery potions for 45 gold pieces
 33874 | Orc:2    | Reached XP level 16. HP: 119/119 MP: 30/30
 33880 | Orc:2    | Bought a scroll of fog for 34 gold pieces
 33880 | Orc:2    | Bought a scroll of fog for 34 gold pieces
 33880 | Orc:2    | Bought a scroll of fog for 34 gold pieces
 33976 | D:10     | You paid a toll of 6 scrolls of fog to enter a treasure
                  | trove
 33977 | Trove    | Entered a treasure trove
 33982 | Trove    | Got a warped demon trident
 33983 | Trove    | Identified the +1 demon trident of the Thing {vamp, MP+9
                  | Int+3} (You found it in a treasure trove)
 34010 | Trove    | Got a warped battleaxe
 34011 | Trove    | Identified the +6 battleaxe of Callousness {venom, rElec
                  | rF+++ SInv Stlth-} (You found it in a treasure trove)
 34031 | Trove    | Got a twisted eveningstar
 34032 | Trove    | Identified the +4 eveningstar of Kebim {speed, rPois MR+}
                  | (You found it in a treasure trove)
 34040 | Trove    | Got a steaming spear
 34041 | Trove    | Identified the +9 spear of Execution {freeze, rF+ rC+} (You
                  | found it in a treasure trove)
 34051 | Trove    | Gained mutation: Potions are less effective at restoring
                  | your health. [mutagenic glow]
 34250 | Trove    | Got a slimy double sword
 34251 | Trove    | Identified the +0 double sword of Owut {drain, +Inv rC+++
                  | MP+9 Dex-3} (You found it in a treasure trove)
 34261 | Trove    | Got a steaming hunting sling
 34262 | Trove    | Identified the +6 hunting sling "Tity" {vorpal, +Inv rC+
                  | MR+ Int+3} (You found it in a treasure trove)
 35495 | Shoals:1 | Noticed a kraken
 35504 | Shoals:1 | Killed a kraken
 36363 | Shoals:2 | Reached XP level 17. HP: 68/125 MP: 1/31
 36722 | Shoals:2 | Found Zosuoc's Gadget Boutique.
 36732 | Shoals:2 | Bought a condenser vane (2/2) for 300 gold pieces
 36795 | Shoals:2 | Reached skill level 5 in Translocations
 36797 | Shoals:2 | Reached skill level 1 in Evocations
 37686 | Shoals:3 | Noticed Nikola
 37692 | Shoals:2 | Learned a level 2 spell: Swiftness
 37782 | Snake:1  | Entered Level 1 of the Snake Pit
 38339 | Snake:1  | Reached skill level 1 in Air Magic
 39989 | Snake:1  | Reached skill level 5 in Evocations
 41585 | Snake:2  | Learned a level 3 spell: Conjure Flame
 41739 | Snake:2  | Got a slimy arbalest
 41751 | Snake:1  | Identified the +6 arbalest "Xurrusal" {vorpal, rPois rF-
                  | MR+++ Int-5} (You found it on level 2 of the Snake Pit)
 41926 | Snake:2  | Learned a level 5 spell: Lightning Bolt
 44409 | Snake:3  | HP: 6/125 [rock wall collision (7)]
 45763 | D:13     | Upgraded the game from 0.26-a0-652-gafc20e3620 to
                  | 0.26-a0-653-g6669bab64c
 45979 | D:13     | Found a gate to the Vaults.
 47031 | D:13     | Reached XP level 18. HP: 104/131 MP: 23/33
 47998 | D:14     | Found a white marble altar of Elyvilon.
 49273 | D:15     | Entered Level 15 of the Dungeon
 49738 | Snake:4  | Entered Level 4 of the Snake Pit
 50003 | Snake:4  | Lost mutation: Potions are less effective at restoring your
                  | health. [potion of mutation]
 50003 | Snake:4  | Gained mutation: You are weak. (Str -2) [potion of
                  | mutation]
 50003 | Snake:4  | Gained mutation: You are clumsy. (Dex -2) [potion of
                  | mutation]
 50003 | Snake:4  | Gained mutation: You are partially covered in molten
                  | scales. (AC +2) [potion of mutation]
 50005 | Snake:4  | Lost mutation: You are clumsy. (Dex -2) [potion of
                  | mutation]
 50005 | Snake:4  | Lost mutation: You are weak. (Str -2) [potion of mutation]
 50005 | Snake:4  | Gained mutation: You possess an exceptional clarity of
                  | mind. [potion of mutation]
 50005 | Snake:4  | Gained mutation: You are clumsy. (Dex -2) [potion of
                  | mutation]
 50005 | Snake:4  | Gained mutation: Your flesh is cold resistant. (rC+)
                  | [potion of mutation]
 50993 | Snake:4  | Got a twisted scimitar
 50994 | Snake:4  | Identified the +4 scimitar of Kiju {venom, rPois} (You
                  | found it on level 4 of the Snake Pit)
 51042 | Snake:4  | Reached skill level 5 in Shields
 54178 | Snake:4  | Got a serpentine rune of Zot
 55074 | Shoals:3 | Killed Nikola
 55074 | Shoals:3 | Reached skill level 15 in Fighting
 55970 | Shoals:3 | Noticed Mara
 56255 | Shoals:3 | Reached XP level 19. HP: 104/139 MP: 7/35
 57043 | Shoals:4 | Entered Level 4 of the Shoals
 57056 | Shoals:4 | Noticed Ilsuiw
 57067 | Shoals:4 | Killed Ilsuiw
 58449 | Shoals:4 | Got a barnacled rune of Zot
 58836 | Shoals:4 | Killed from afar by a merfolk aquamancer

Illustrated notes

Levels and vault maps discovered:
D:1:      lightli_arrival_flooded_house, layout_loops_ring
D:2:      layout_basic
D:3:      layout_loops_ring, old_standard_altar, gammafunk_ghost_gnarly_gnolls
D:4:      layout_basic, serial_shops, shop, chequers_jeans,
          kennysheep_decorative_pillar, uniq_edmund
D:5:      layout_cave_pools, kennysheep_mini_moat
D:6:      layout_basic, marbit_many_paths, minmay_temple_entry_butterflies,
          basic_altar, fedhas_altar_decomposition, uniq_duvessa, uniq_maggie,
          uniq_pikel
D:7:      layout_loops_ring, overflow_temple_1_default
D:8:      layout_cave_pools, nicolae_overflow_crystal_walls,
          dancing_weapons_uskayaw, overflow_temple_1_default, erik_lair_island,
          serial_shops, nicolae_shop_temple_entry_statues_fountains
D:9:      layout_basic, minmay_increasing_density, uniq_psyche
D:10:     layout_irregular_city, enter_trove_5, uniq_snorg
D:11:     layout_loops_cross, orc_0_dummy, minmay_misc_feat_five,
          nicolae_dithmenos_the_darkroom, uniq_josephine
D:12:     layout_rooms
D:13:     layout_irregular_city, david_vaults_5, drop_trap
D:14:     layout_basic, elyvilon_altar_3
D:15:     hangedman_depths_entry_civil_slaughter, layout_basic, serial_shops,
          nicolae_shop_trees, minmay_misc_feat_more_columns
Temple:   regret_index_temple_waves
Lair:1:   layout_roguey, beast_lair_carwin_5
Lair:2:   layout_long_grid, gauntlet_entry_generic, uniq_nergalle, uniq_fannar
Lair:3:   layout_hall_layers, minmay_snake_entry_guardpost_small, minivault_19,
          lemuel_centaur_altar, serial_bayou_shore_a
Lair:4:   layout_roguey, minmay_shoals_entry_lonely_mermaid, grunt_megastairs_5
Lair:5:   layout_regular_city, kennysheep_rathole, uniq_nessos
Lair:6:   evilmike_catoblepas_cave, layout_misc_corridors, slime_altar_2
Shoals:1: layout_shoals
Shoals:2: layout_shoals, serial_shops, nicolae_shop_waterfront,
          nicolae_shoals_hunting_party
Shoals:3: layout_shoals, uniq_nikola, uniq_mara
Shoals:4: shoals_end_grunt_ice, layout_shoals, shoals_ilsuiw_ice,
          uniq_polyphemus
Snake:1:  layout_basic, grunt_megastairs_3
Snake:2:  layout_cave_pods
Snake:3:  layout_cave_shapes, lemuel_fruit_tree
Snake:4:  snake_pit, layout_cave_town, nrook_guardian_serpent_double
Orc:1:    layout_diamond_mine
Orc:2:    grunt_orc_tribal_feast, layout_caves, uniq_saint_roka, uniq_sonja,
          uniq_urug

Skill      XL: |  1  2  3  4  5  6  7  8  9 10 11 12 13 14 15 16 17 18 19 |
---------------+----------------------------------------------------------+-----
Fighting       | 1 2 3 6 8 10 11 12 14 15 | 15.8
Conjurations   | 5 6 7 8 10 12 14 | 14.0
Spellcasting   | 3 4 5 6 8 9 10 11 12 | 12.0
Dodging        | 3 4 5 8 9 10 11 12 14 | 14.2
Hexes          | 3 6 9 10 11 12 | 12.1
Shields        | 3 4 7 8 |  8.9
Poison Magic   | 3 8 |  8.0
Translocations | 3 4 5 |  5.0
Stealth        | 4 |  4.0
Transmutations | 4 6 |  6.0
Evocations     | 8 |  8.0
Air Magic      | 3 4 |  4.0

Action                   |  1- 3 |  4- 6 |  7- 9 | 10-12 | 13-15 | 16-18 | 19-21 || total
-------------------------+-------+-------+-------+-------+-------+-------+-------++-------
Melee: Unarmed           |   102 |    22 |       |       |       |       |       ||   124
       Constrict         |    29 |    14 |    22 |    18 |    38 |    17 |     2 ||   140
       Tentacles         |    13 |    10 |    20 |    13 |    41 |    32 |     3 ||   132
       Flail             |       |    17 |    68 |       |       |       |       ||    85
       Halberd           |       |    17 |     3 |       |       |       |       ||    20
       Staff             |       |       |     5 |    66 |   164 |    78 |     9 ||   322
       Scimitar          |       |       |       |       |     5 |       |       ||     5
       Eveningstar       |       |       |       |       |       |    94 |     2 ||    96
Throw: Dart              |       |       |       |       |       |     2 |       ||     2
 Cast: Magic Dart        |    25 |    15 |    30 |    55 |    14 |     1 |       ||   140
       Searing Ray       |     3 |    12 |    24 |    75 |    94 |    59 |     6 ||   273
       Fulminant Prism   |       |       |    13 |    81 |    41 |   244 |       ||   379
       Slow              |       |       |     1 |     4 |       |     2 |     1 ||     8
       Iskenderun's Myst |       |       |       |    20 |    42 |    58 |     1 ||   121
       Blink             |       |       |       |     1 |     1 |     1 |       ||     3
       Olgreb's Toxic Ra |       |       |       |     3 |    92 |    67 |    32 ||   194
       Mephitic Cloud    |       |       |       |     2 |    32 |    33 |    12 ||    79
       Ignite Poison     |       |       |       |       |    70 |    66 |    34 ||   170
       Lightning Bolt    |       |       |       |       |       |    49 |     1 ||    50
       Conjure Flame     |       |       |       |       |       |     3 |       ||     3
       Swiftness         |       |       |       |       |       |       |     1 ||     1
Invok: Call Merchant     |       |       |       |       |     4 |     3 |       ||     7
       Potion Petition   |       |       |       |       |     2 |       |     1 ||     3
Evoke: Wand              |       |       |     8 |    14 |    10 |     4 |     4 ||    40
  Use: Scroll            |       |     7 |    10 |    10 |    21 |     7 |     1 ||    56
       Potion            |       |       |     1 |     1 |     1 |     4 |       ||     7
 Stab: Sleeping          |     8 |     5 |     1 |       |       |       |       ||    14
       Confused          |       |       |       |       |     2 |     3 |       ||     5
       Distracted        |       |       |       |       |     3 |     1 |       ||     4
Armor: Skin              |    37 |    19 |    43 |    12 |    23 |    37 |     7 ||   178
Dodge: Dodged            |   112 |    50 |    54 |   134 |   328 |   365 |    39 ||  1082
Block: Buckler           |       |       |    27 |    41 |   140 |   120 |       ||   328
       Kite shield       |       |       |       |       |       |    89 |    30 ||   119
       Rpst.: Scimitar   |       |       |       |       |     8 |       |       ||     8

Table legend: (Time is in decaauts)
 A = Elapsed time spent in this place.
 B = Non-inter-level travel time spent in this place.
 C = Inter-level travel time spent in this place.
 D = Time resting spent in this place.
 E = Time spent auto-exploring this place.
 F = Levels seen in this place.
 G = Mean time per level.
                   A        B        C        D        E       F      G
               +--------+--------+--------+--------+--------+-----+--------+
         Total |  59108 |  54746 |   4362 |  21659 |  23820 |  34 | 1738.5 |
       Dungeon |  20564 |  18817 |   1747 |   4564 |  10923 |  15 | 1370.9 |
        Temple |    132 |    112 |     20 |      0 |    109 |   1 |  132.0 |
          Lair |  13425 |  12092 |   1333 |   5548 |   4978 |   6 | 2237.5 |
        Shoals |   7166 |   6875 |    291 |   2898 |   3007 |   4 | 1791.5 |
     Snake Pit |  11791 |  11159 |    632 |   5040 |   3882 |   4 | 2947.8 |
  Orcish Mines |   4831 |   4495 |    336 |   2991 |    775 |   2 | 2415.5 |
         Trove |    312 |    312 |      0 |    197 |      0 |   1 |  312.0 |
      Gauntlet |    885 |    885 |      0 |    420 |    146 |   1 |  885.0 |
               +--------+--------+--------+--------+--------+-----+--------+

Top non-repeatable levels by time:
 Snake:4: 3908 daAuts
   Orc:1: 3834 daAuts
  Lair:2: 3182 daAuts
 Snake:1: 2989 daAuts
Shoals:3: 2780 daAuts
 Snake:2: 2668 daAuts
  Lair:3: 2360 daAuts
     D:9: 2350 daAuts
 Snake:3: 2224 daAuts
  Lair:4: 2060 daAuts
  Lair:1: 2023 daAuts
  Lair:6: 1995 daAuts
    D:14: 1869 daAuts
Shoals:1: 1809 daAuts
    D:10: 1807 daAuts
